 Dungeon Crawl Stone Soup version 0.29.1-12-g30fa7ad0bf (webtiles) character file.

Game seed: 12229511551191525318

21522 RapScallion the Bludgeoner (level 13, -5/151 HPs)
             Began as a Human Fighter on Jan 17, 2023.
             Was a Believer of Uskayaw.
             Slain by a komodo dragon (22 damage)
             ... on level 3 of the Lair of Beasts.
             The game lasted 01:13:30 (17268 turns).

RapScallion the Bludgeoner (Human Fighter)         Turns: 17268, Time: 01:13:30

Health: -5/151     AC: 26    Str: 20    XL:     13   Next: 20%
Magic:  13/13      EV:  2    Int: 10    God:    Uskayaw [**....]
Gold:   859        SH:  6    Dex: 13    Spells: 10/12 levels left

rFire   . . .      SeeInvis +   A - +6 mace of Dried Tears {venom, rC+}
rCold   + . .      Faith    .   c - +0 buckler
rNeg    . . .      Spirit   .   (body armour currently unavailable)
rPois   +          Reflect  .   (helmet currently unavailable)
rElec   .          Harm     .   (cloak currently unavailable)
rCorr   .          Rampage  .   (gloves currently unavailable)
Will    +....      NoTele   +   (boots currently unavailable)
Stlth   ++........              m - amulet of magic regeneration
HPRegen 0.35/turn               H - ring of willpower
MPRegen 0.53/turn               o - ring of see invisible

@: tree-form, studying 2 skills
A: stationary, stasis, torment immunity, boosted hp
a: Renounce Religion, Stomp, Line Pass


You were on level 3 of the Lair of Beasts.
You worshipped Uskayaw.
Uskayaw was noncommittal.
You were a tree.
You visited 3 branches of the dungeon, and saw 14 of its levels.
You also visited: Ossuary.

You collected 859 gold pieces.

Inventory:

Hand Weapons
 u - a +4 flail
 A - the +6 mace of Dried Tears (weapon) {venom, rC+}
   (You found it on level 4 of the Dungeon)

   It poisons the flesh of those it strikes.
   rC:        It protects you from cold.
 F - a +5 vorpal spear
 N - a +3 battleaxe
 O - a +1 vorpal morningstar
Missiles
 E - 39 poisoned darts (quivered)
Armour
 a - a +0 pair of gloves (melded)
 c - a +0 buckler (worn)
 e - a +0 pair of boots
 l - a +0 pair of boots (melded)
 v - a +0 helmet
 B - the +4 ring mail of the Slug (melded) {rF+ Int+2 Slay+2}
   (You found it on level 8 of the Dungeon)

   Int:       It affects your intelligence (+2).
   Slay:      It affects your accuracy & damage with ranged weapons and melee
   (+2).
   rF:        It protects you from fire.
 I - +0 swamp dragon scales
 J - a +2 hat of stealth (melded)
 M - a +2 cloak (melded)
Jewellery
 m - an amulet of magic regeneration (around neck)
 o - a ring of see invisible (right branch)
 H - a ring of willpower (left branch)
Wands
 k - a wand of digging (3)
 C - a wand of light (13)
 G - a wand of charming (6)
 K - a wand of flame (11)
 L - a wand of iceblast (19)
Scrolls
 b - 5 scrolls of blinking
 f - 6 scrolls of fear
 p - 5 scrolls of magic mapping
 r - a scroll of silence
 x - 3 scrolls of butterflies
 y - 2 scrolls of amnesia
 D - a scroll of immolation
Potions
 d - 5 potions of might
 g - 4 potions of ambrosia
 h - a potion of lignification
 i - 3 potions of haste
 j - 2 potions of magic
 n - 3 potions of brilliance
 q - 3 potions of mutation
 s - a potion of heal wounds
 t - 9 potions of curing
 w - 2 potions of attraction
 z - a potion of invisibility
 P - a potion of flight


   Skills:
 - Level 9.4 Fighting
 - Level 4.0(11.3) Axes
 + Level 16.2(16.4) Maces & Flails
 + Level 0.6 Throwing
 - Level 9.5 Armour
 - Level 1.7 Dodging
 - Level 1.4 Stealth
 + Level 9.8 Shields
 + Level 0.1 Spellcasting


You had 10 spell levels left.
You knew the following spells:

 Your Spells              Type           Power      Damage    Failure   Level
a - Blink                 Tloc           0%         N/A       56%         2

Your spell library contained the following spells:

 Spells                   Type           Power      Damage    Failure   Level
 Apportation              Tloc           0%         N/A       41%         1
 Ensorcelled Hibernation  Hex/Ice        0%         N/A       56%         2
 Passwall                 Tmut/Erth      0%         N/A       56%         2
 Swiftness                Air            0%         N/A       80%         3
 Hailstorm                Conj/Ice       0%         3d3       99%         4
 Ice Form                 Ice/Tmut       0%         N/A       99%         4
 Alistair's Intoxication  Tmut/Pois      0%         N/A       100%        5
 Manifold Assault         Tloc           0%         N/A       100%        5
 Simulacrum               Ice/Necr       0%         N/A       100%        6
 Storm Form               Tmut/Air       0%         N/A       100%        7


Dungeon Overview and Level Annotations

Branches:
Dungeon (10/15)            Temple (1/1) D:4            Lair (3/5) D:9
    Orc (0/2) D:10        Ossuary (visited)
  Swamp: Lair:2-3    Shoals: Lair:2-3     Snake: Lair:2-3    Spider: Lair:2-3

Altars:
Ashenzari
Cheibriados
Dithmenos
Fedhas
Hepliaklqana
Kikubaaqudgha
Makhleb
Nemelex Xobeh
Uskayaw
Vehumet
Wu Jian
Xom
The Shining One
Jiyva

Annotations:
D:10 3 runed translucent doors, javelincjr's ghost, journeyman DECj


Message History

You can now pass through a line of other dancers.
You turn into a tree.
Your +2 cloak melds into your body.
Your +2 hat of stealth melds into your body.
Your +0 pair of gloves melds into your body.
Your +0 pair of boots melds into your body.
The +4 ring mail of the Slug {rF+ Int+2 Slay+2} melds into your body.
You feel less stealthy.
Your roots penetrate the ground.
The komodo dragon bites you.
* * * LOW HITPOINT WARNING * * *
The komodo dragon completely misses you.
The seven-headed hydra bites you but does no damage. x4
The seven-headed hydra completely misses you.
The seven-headed hydra bites you but does no damage. x2
You block the yak's attack. The yak gores you.
* * * LOW HITPOINT WARNING * * *
You feel much better. The komodo dragon bites you.
You block the komodo dragon's attack. The seven-headed hydra bites you.
The seven-headed hydra bites you but does no damage. x2
The seven-headed hydra barely misses you.
The seven-headed hydra bites you!
* * * LOW HITPOINT WARNING * * *
The seven-headed hydra bites you but does no damage. x2
You block the yak's attack. x2
You barely miss the seven-headed hydra.
The seven-headed hydra is moderately wounded.
You block the komodo dragon's attack. x2
The seven-headed hydra bites you but does no damage. x2
The seven-headed hydra bites you.
* * * LOW HITPOINT WARNING * * *
You block the seven-headed hydra's attack.
The seven-headed hydra bites you but does no damage.
The seven-headed hydra bites you!
* * * LOW HITPOINT WARNING * * *
The seven-headed hydra bites you but does no damage.
You hit the seven-headed hydra.
The seven-headed hydra is heavily wounded.
The yak gores you!
* * * LOW HITPOINT WARNING * * *
The yak gores you but does no damage. The komodo dragon bites you!!
You die...

###.....##
#........#
###........##
##...........#
####.......)....#
#.............###
##............#
#.....ll......##
##....Y♣Y......#
#.....D÷.......#
##............##
#...........##
S.....
##.##.#...###
......#
####....##
....... ##...#.#
.......
###..#.###
.......##...####


You could see a seven-headed hydra, 2 komodo dragons and 2 yaks.

Vanquished Creatures
  Gastronok (D:8)
  A bunyip (shapeshifter) (D:10)
  Erica (D:10)
  A centaur warrior (D:10)
  3 two-headed ogres
  Joseph (D:9)
  2 cane toads (Lair:1)
  Maggie (D:8)
  4 unseen horror zombies (D:9)
  2 komodo dragons
  Psyche (D:10)
  A polar bear (Lair:3)
  4 blink frogs (Lair:1)
  A shadow (D:9)
  6 wyverns
  A wraith (D:10)
  27 yaks
  Grum (D:8)
  Edmund (D:6)
  6 water moccasins
  6 orc warriors
  A hornet zombie (Ossuary)
  An ice beast (D:7)
  3 ogres
  7 wolves
  4 centaurs
  A phantom (D:5)
  3 kobold brigands
  9 bullfrogs
  2 necrophages (D:8)
  A gnoll sergeant (D:10)
  2 wyvern zombies
  8 scorpions
  3 water moccasin zombies (Ossuary)
  15 wights
  6 killer bees
  4 electric eels
  4 howler monkeys
  8 bullfrog zombies (Ossuary)
  2 jellies
  4 centaur zombies
  10 orc priests
  3 hounds
  A gnoll bouda (D:7)
  Jessica (D:3)
  Natasha (thrice) (D:4)
  6 iguanas
  6 orc wizards
  13 mummies
  6 howler monkey zombies
  15 gnolls
  6 adders
  2 shadow imps
  A white imp (D:5)
  A worm (D:2)
  6 dart slugs
  49 orcs
  4 bats
  7 endoplasms
  2 giant cockroaches
  5 goblins
  5 hobgoblins
  9 jackals (D:1)
  26 kobolds
  4 quokkas
  7 ball pythons
  3 frilled lizards
  2 goblin zombies (D:5)
  3 rats
366 creatures vanquished.

Vanquished Creatures (others)
  An orc wizard (D:10)
  2 bushes (D:9)
  8 fungi
  47 plants
  16 withered plants
74 creatures vanquished.

Grand Total: 440 creatures vanquished

Notes
Turn   | Place    | Note
-------+----------+-------------------------------------------
     0 | D:1      | RapScallion the Human Fighter began the quest for the Orb.
     0 | D:1      | Reached XP level 1. HP: 18/18 MP: 1/1
   207 | D:1      | Reached XP level 2. HP: 24/24 MP: 2/2
   411 | D:1      | Reached XP level 3. HP: 29/29 MP: 3/3
   718 | D:1      | Reached XP level 4. HP: 22/35 MP: 4/4
   908 | D:1      | Found a faded altar of an unknown god.
  1649 | D:2      | Learned a level 2 spell: Blink
  2287 | D:3      | Noticed Jessica
  2296 | D:3      | Killed Jessica
  2297 | D:3      | Reached XP level 5. HP: 28/42 MP: 5/5
  2679 | D:3      | Found a snail-covered altar of Cheibriados.
  2700 | D:3      | Found a hide-covered altar of Uskayaw.
  2707 | D:3      | Became a worshipper of Uskayaw the Reveller
  2768 | D:3      | Reached * piety under Uskayaw
  2786 | D:3      | Found a shimmering altar of Xom.
  2791 | D:3      | Found a burning altar of Makhleb.
  2791 | D:3      | Found a broken altar of Ashenzari.
  2941 | D:4      | Noticed Natasha
  2948 | D:4      | Killed Natasha
  2948 | D:4      | Reached ** piety under Uskayaw
  3094 | D:4      | Identified the +6 mace of Dried Tears {venom, rC+}
  3153 | D:4      | Noticed an ogre
  3158 | D:4      | Killed an ogre
  3159 | D:4      | Reached XP level 6. HP: 43/49 MP: 6/6
  3489 | D:4      | Found a staircase to the Ecumenical Temple.
  3555 | D:4      | Noticed Natasha
  3564 | D:4      | Killed Natasha
  3565 | D:4      | Reached skill level 1 in Dodging
  3652 | Temple   | Entered the Ecumenical Temple
  3654 | D:4      | Noticed Natasha
  3659 | D:4      | Killed Natasha
  3660 | D:4      | Reached skill level 1 in Maces & Flails
  3662 | D:4      | Found a blossoming altar of Fedhas.
  3933 | D:4      | Reached XP level 7. HP: 44/55 MP: 7/7
  4197 | D:5      | Entered Level 5 of the Dungeon
  4279 | D:5      | Reached skill level 2 in Maces & Flails
  4367 | D:5      | Found a sand-covered staircase.
  4379 | Ossuary  | Entered an ossuary
  4392 | Ossuary  | Reached skill level 3 in Maces & Flails
  4520 | Ossuary  | Reached XP level 8. HP: 39/61 MP: 8/8
  4669 | Ossuary  | Reached skill level 5 in Fighting
  4679 | Ossuary  | Reached skill level 4 in Maces & Flails
  4787 | Ossuary  | Reached skill level 5 in Armour
  4801 | Ossuary  | Reached *** piety under Uskayaw
  4967 | Ossuary  | Reached skill level 1 in Stealth
  5080 | Ossuary  | Reached skill level 5 in Maces & Flails
  5107 | Ossuary  | Reached **** piety under Uskayaw
  5412 | Ossuary  | Reached XP level 9. HP: 65/68 MP: 9/9
  5570 | Ossuary  | Reached skill level 6 in Maces & Flails
  6898 | D:6      | Noticed Edmund
  6918 | D:6      | Killed Edmund
  6919 | D:6      | Reached skill level 7 in Maces & Flails
  8196 | D:6      | Reached skill level 8 in Maces & Flails
  8196 | D:6      | Reached XP level 10. HP: 54/74 MP: 10/10
  8873 | D:7      | Found a shadowy altar of Dithmenos.
  9507 | D:8      | Reached skill level 5 in Shields
  9575 | D:8      | Identified the +4 ring mail of the Slug {rF+ Int+2 Slay+2}
  9621 | D:8      | Noticed a komodo dragon
  9631 | D:8      | Killed a komodo dragon
  9632 | D:8      | Reached skill level 9 in Maces & Flails
  9889 | D:8      | Noticed Maggie
  9895 | D:8      | Noticed Grum
  9923 | D:8      | Killed Maggie
 10434 | D:8      | Noticed Gastronok
 10570 | D:8      | Killed Gastronok
 10571 | D:8      | Reached XP level 11. HP: 63/84 MP: 11/11
 10965 | D:8      | Killed Grum
 10966 | D:8      | Reached skill level 10 in Maces & Flails
 11007 | D:8      | Noticed a two-headed ogre
 11029 | D:8      | Killed a two-headed ogre
 11037 | D:8      | Reached ***** piety under Uskayaw
 11470 | D:8      | Found a radiant altar of Vehumet.
 11776 | D:9      | Reached ****** piety under Uskayaw
 11784 | D:9      | Reached skill level 11 in Maces & Flails
 12152 | D:9      | Found a staircase to the Lair.
 12263 | D:9      | Noticed a two-headed ogre
 12275 | D:9      | Killed a two-headed ogre
 12352 | D:9      | Noticed Joseph
 12360 | D:9      | Killed Joseph
 12361 | D:9      | Reached XP level 12. HP: 88/94 MP: 12/12
 12441 | D:9      | Reached skill level 12 in Maces & Flails
 12670 | D:9      | Found a hazy altar of Hepliaklqana.
 12873 | D:9      | Identified 2 scrolls of acquirement
 12873 | D:9      | Acquired a manual of Shields
 12876 | D:9      | Acquired a manual of Maces & Flails
 12900 | D:10     | Entered Level 10 of the Dungeon
 13182 | D:10     | Identified the +8 dagger "Tipeakh" {venom, Contam rC+++
                  | Dex-3}
 13221 | D:10     | Found a sparkling altar of Nemelex Xobeh.
 13222 | D:10     | Noticed Erica
 13230 | D:10     | Found an ancient bone altar of Kikubaaqudgha.
 13419 | D:10     | Noticed Psyche
 13613 | D:10     | Killed Psyche
 13687 | D:10     | Reached skill level 13 in Maces & Flails
 13779 | D:10     | Found a runed translucent gate.
 13779 | D:10     | Found a runed translucent gate.
 13779 | D:10     | Found a runed translucent gate.
 13812 | D:10     | Killed Erica
 14150 | D:10     | Noticed javelincjr's ghost (journeyman DECj)
 14154 | D:10     | Found a viscous altar of Jiyva.
 14442 | D:10     | Noticed a centaur warrior
 14451 | D:10     | Killed a centaur warrior
 14670 | D:10     | Noticed a bunyip
 14689 | D:10     | Killed a bunyip
 14690 | D:10     | Reached skill level 14 in Maces & Flails
 14831 | D:10     | Found a staircase to the Orcish Mines.
 14895 | D:10     | Noticed a two-headed ogre
 14910 | D:10     | Killed a two-headed ogre
 15106 | Lair:1   | Entered Level 1 of the Lair of Beasts
 15549 | Lair:1   | Reached skill level 15 in Maces & Flails
 15567 | Lair:1   | Reached XP level 13. HP: 81/101 MP: 13/13
 16525 | Lair:2   | Noticed an eight-headed hydra
 16531 | Lair:2   | Noticed a five-headed hydra
 16539 | Lair:2   | Noticed a seven-headed hydra
 16629 | Lair:3   | Reached skill level 16 in Maces & Flails
 17268 | Lair:3   | Slain by a komodo dragon

Illustrated notes

Levels and vault maps discovered:
D:1:      sevenhm_arrival_forest_fort_large_4, layout_rooms,
          shapermc_ecumenical_altar_starsandcircs
D:2:      layout_loops_cross, roderic_roman_lattice, corexii_shack,
          minmay_misc_feat_rugged
D:3:      layout_basic, mainiacjoe_overflow_large_starburst,
          gammafunk_temple_overflow_forgotten, uniq_jessica
D:4:      layout_basic, mainiacjoe_overflow_six_doors_small,
          minmay_temple_entry_water_ring, serial_curves, eino_curves_04,
          eino_curves_01, uniq_natasha
D:5:      layout_loops_corners, nicolae_ossuary_entry_giza, minivault_23
D:6:      kennysheep_six_static_rooms, layout_rooms, uniq_edmund
D:7:      layout_cave_pools, mainiacjoe_overflow_chevrons
D:8:      statuecave_lemuel, layout_cave_pods, mainiacjoe_overflow_alcove_2,
          serial_column_ruins, column_ruins_hut, column_ruins_hut_ruined,
          column_ruins_corridor_straight, column_ruins_columns_dead_end,
          column_ruins_grid_3, column_ruins_open_tiny, enter_bailey_7,
          minmay_microvault, uniq_gastronok, uniq_grum, uniq_maggie
D:9:      layout_loops_ring, worldfamousw_hep_ancestral_shrine,
          minmay_lair_entry_grove, serial_undead, serial_undead_b,
          serial_undead_d, serial_undead_d, serial_undead_d, serial_undead_d,
          serial_undead_f, uniq_joseph
D:10:     minmay_distorted_concentric_squares, layout_rooms,
          jmf_multi_god_temple, hiddenorc1_lemuel, gammafunk_ghost_ooze,
          serial_bayou, serial_bayou_crossing, serial_bayou_shore_a,
          serial_bayou_pond_d, serial_bayou_pond_a, uniq_erica, uniq_psyche
Temple:   nicolae_temple_bog_church
Lair:1:   layout_loops_ring, beast_lair_carwin_3
Lair:2:   layout_cave_shapes, minmay_swamp_entry_reptiles
Lair:3:   layout_cave_pods, minmay_snake_entry_guardpost_small,
          gauntlet_entry_generic, uniq_nergalle, uniq_amaemon

Skill      XL: |  1  2  3  4  5  6  7  8  9 10 11 12 13 |
---------------+----------------------------------------+-----
Fighting       | 4 5 6 7 8 9 |  9.4
Axes           | 3 4 |  4.0
Dodging        | 1 |  1.7
Armour         | 4 5 6 8 9 |  9.5
Maces & Flails | 1 3 5 8 9 11 15 16 | 16.2
Shields        | 4 5 6 8 9 |  9.8
Stealth        | 1 |  1.4
Throwing       | |  0.6
Spellcasting   | |  0.1

Action                   |  1- 3 |  4- 6 |  7- 9 | 10-12 | 13-15 || total
-------------------------+-------+-------+-------+-------+-------++-------
Melee: War axe           |    92 |    90 |       |       |       ||   182
       Mace              |       |    61 |   366 |   653 |    67 ||  1147
       Unarmed           |       |       |       |     1 |       ||     1
Throw: Dart              |       |       |       |     3 |       ||     3
  Use: Scroll            |       |     6 |    15 |     6 |     3 ||    30
       Potion            |       |     1 |       |     8 |     2 ||    11
 Stab: Paralysed         |       |       |     5 |    23 |     5 ||    33
       Sleeping          |       |       |       |     2 |     2 ||     4
       Distracted        |       |       |       |     2 |       ||     2
Armor: Scale mail        |    63 |    69 |       |       |       ||   132
       Plate armour      |       |     2 |   212 |    57 |       ||   271
       Ring mail         |       |       |       |   246 |    53 ||   299
       Skin              |       |       |       |       |    15 ||    15
Dodge: Dodged            |    58 |    58 |    88 |   325 |    77 ||   606
Block: Buckler           |    32 |    40 |    82 |   150 |    35 ||   339
